 Dungeon Crawl Stone Soup version 0.17-a0-429-gec93a36 (webtiles) character file.

32 Chained the Caller (level 3, -1/19 HPs)
             Began as a Deep Elf Summoner on Apr 3, 2015.
             Slain by an orc priest (5 damage)
             ... on level 3 of the Dungeon.
             The game lasted 00:13:15 (810 turns).

Chained the Caller (Deep Elf Summoner)               Turns: 810, Time: 00:13:15

Health: -1/19      AC:  5    Str:  5    XL:     3   Next: 8%
Magic:  6/8        EV:  9    Int: 20    God:
Gold:   42         SH:  0    Dex: 15    Spells: 1 memorised, 7 levels left

rFire  . . .     SeeInvis .     i - +0 hand axe (elec)
rCold  . . .     Clarity  .     f - +0 ring mail
rNeg   . . .     SustAb   .     (no shield)
rPois  +         Gourm    +     (no helmet)
rElec  .         Spirit   .     (no cloak)
rCorr  .         Warding  .     (no gloves)
rMut   .         Stasis   .     (no boots)
MR     .....                    g - amulet of the gourmand
Stlth  ++........               (no ring)
                                h - ring of poison resistance

@: not resistant to hostile enchantments, unstealthy
A: no striking features
a: no special abilities


You were on level 3 of the Dungeon.
You were not hungry.

You visited 1 branch of the dungeon, and saw 3 of its levels.

You collected 42 gold pieces.

Inventory:

Hand weapons
 i - a +0 hand axe of electrocution (weapon)
 l - a +0 club
 m - a +0 dagger
 n - a +0 whip
 o - a +0 club
 p - a +1 dagger of flaming
 q - a +0 dagger
 t - a +0 mace
 u - a +0 hand axe
Missiles
 j - 17 poisoned needles
Armour
 a - a +0 robe
 f - a +0 ring mail (worn)
 k - a +0 leather armour
Jewellery
 g - an amulet of the gourmand (around neck)
 h - a ring of poison resistance (left hand)
Scrolls
 e - 2 scrolls of remove curse {unknown}
Potions
 r - a potion of magic {unknown}
 s - a potion of brilliance {unknown}
Books
 b - a book of Callings

   Spells                             Type                      Level
   a - Summon Small Mammal            Summoning                    1
   b - Call Imp                       Summoning                    2
   c - Call Canine Familiar           Summoning                    3
   d - Summon Guardian Golem          Hexes/Summoning              3
   e - Summon Lightning Spire         Summoning/Air                4
   f - Summon Ice Beast               Ice/Summoning                4
Comestibles
 c - 2 bread rations
 d - a meat ration


   Skills:
 + Level 0.2 Armour
 + Level 2.6 Dodging
 + Level 3.0 Stealth
 + Level 3.3 Spellcasting
 + Level 5.0 Summonings


You had 7 spell levels left.
You knew the following spells:

 Your Spells              Type           Power        Failure   Level  Hunger
a - Summon Small Mammal   Summ           ###.         12%         1    None


Dungeon Overview and Level Annotations

Branches:
Dungeon (3/15)

Altars:


Message History

Casting: Summon Small Mammal
Confirm with . or Enter, or press ? or * to list all spells.
The orc completely misses you.
The orc wizard casts a spell.
The orc wizard seems to speed up.
Your quokka barely misses the orc.
You closely miss the orc. You hit the orc but do no damage.
There is a sudden explosion of sparks!
You kill the orc!
Your Summonings skill increases to level 5!
Your bat hits the orc. The orc misses you.
Your quokka bites the orc.
The orc barely misses you.
You hit the orc.
The orc is severely wounded.
You hit the orc.
The orc is moderately wounded.
You hit the orc priest but do no damage.
Your bat hits the orc.
Your quokka barely misses the orc.
The orc wizard hits your bat with a dagger.
Your bat misses the orc. The orc priest hits you.
You die...

. .. #.
#.####
#..#@##
#.ooo##
######..br.##
.....!...o..#
#####.......#
............#
............#
.....#.....##
........<.##


You could see an orc priest, an orc wizard, 2 orcs, a friendly quokka and a
friendly bat.

Vanquished Creatures
  An adder (D:2)
  An orc (D:3)
  3 goblins (D:2)
  A rat (D:1)
6 creatures vanquished.

Vanquished Creatures (collateral kills)
  An adder (D:2)
  2 bats
  3 goblins (D:2)
  2 hobgoblins
  3 kobolds
  4 rats
15 creatures vanquished.

Vanquished Creatures (others)
  A quokka (D:2)
  A bat (D:1)
2 creatures vanquished.

Grand Total: 23 creatures vanquished

Notes
Turn   | Place    | Note
--------------------------------------------------------------
     0 | D:1      | Chained, the Deep Elf Summoner, began the quest for the Orb.
     0 | D:1      | Reached XP level 1. HP: 10/10 MP: 6/6
   514 | D:2      | Reached XP level 2. HP: 15/15 MP: 0/7
   784 | D:2      | Reached XP level 3. HP: 19/19 MP: 8/8
   809 | D:3      | Reached skill level 5 in Summonings
   810 | D:3      | Slain by an orc priest

Action                   || total
-------------------------++-------
Melee: Hand axe          ||    12
       Unarmed           ||     2
 Cast: Summon Small Mamm ||    15
